 Seeded DCSS version 0.27.1-34-g3ba077fa99 (webtiles) character file.

Game seed: 15007771747203934154 (custom seed)

7341 voltaire321 the Demolition Demonspawn (level 10, 0/71 (73) HPs)
             Began as a Demonspawn Fighter on Jan 20, 2022.
             Was an Elder of Makhleb.
             Slain by a hellwing (4 damage)
             ... summoned by an orc sorcerer
             ... in a bailey.
             The game lasted 00:27:49 (9472 turns).

voltaire321 the Demolition Demonspawn (DsFi)        Turns: 9472, Time: 00:27:49

HP:   0/71 (73)     AC: 20    Str: 20    XL:     10   Next: 91%
MP:   22/22         EV:  7    Int:  9    God:    Makhleb [****..]
Gold: 539           SH: 10    Dex: 19    Spells: 9/9 levels left

rFire    + . .     SeeInvis .   t - +8 lance "Wyrmbane" {slay drac, rPois rF+ rC+ AC+3}
rCold    + . .     Faith    .   c - +0 kite shield
rNeg     . . .     Spirit   .   B - +3 chain mail
rPois    +         Reflect  .   i - +0 helmet
rElec    .         Harm     .   r - +0 cloak
rCorr    .         Rampage  .   (no gloves)
Will     .....                  e - +0 pair of boots
Stlth    ..........             (no amulet)
HPRegen  0.21/turn              m - +4 ring of slaying
MPRegen  0.36/turn              q - +6 ring of dexterity

@: corroded, sanguine armoured, lightly drained
A: claws 1, ignite blood 1, magic regeneration, sanguine armour 2
a: Renounce Religion, Minor Destruction, Lesser Servant of Makhleb, Major
Destruction


You were in a bailey.
You worshipped Makhleb.
Makhleb was greatly pleased with you.
You visited 2 branches of the dungeon, and saw 11 of its levels.
You also visited: Bailey.

You collected 539 gold pieces.

Inventory:

Hand Weapons
 t - the +8 lance "Wyrmbane" (weapon) {slay drac, rPois rF+ rC+ AC+3}
   (You found it on level 3 of the Dungeon)

   It inflicts extra damage against dragons and draconians.
   AC:        It affects your AC (+3).
   rF:        It protects you from fire.
   rC:        It protects you from cold.
   rPois:     It protects you from poison.
Missiles
 v - 69 poisoned darts (quivered)
 x - 2 throwing nets
Armour
 c - a +0 kite shield (worn)
 e - a +0 pair of boots (worn)
 i - a +0 helmet (worn)
 r - a +0 cloak (worn)
 B - a +3 chain mail (worn)
Jewellery
 m - a +4 ring of slaying (left claw)
 q - a +6 ring of dexterity (right claw)
 A - a +6 ring of dexterity
 F - a ring of fire
Wands
 a - a wand of polymorph (14)
Scrolls
 f - a scroll of enchant armour {unknown}
 g - 3 scrolls of identify
 h - 6 scrolls of teleportation
 j - a scroll of brand weapon {unknown}
 k - 3 scrolls of enchant weapon {unknown}
 w - a scroll of immolation {unknown}
 y - a scroll of acquirement {unknown}
 C - a scroll of vulnerability {unknown}
 D - a scroll of fear {unknown}
 E - 2 scrolls of fog {unknown}
 G - a scroll of amnesia {unknown}
Potions
 b - a potion of resistance {unknown}
 d - a potion of flight {unknown}
 l - a potion of curing
 n - 5 potions of ambrosia
 o - 5 potions of brilliance {unknown}
 p - 2 potions of mutation {unknown}
 s - a potion of lignification {unknown}
 u - a potion of attraction {unknown}
 z - a potion of heal wounds {unknown}


   Skills:
 + Level 4.5 Fighting
 + Level 3.5 Polearms
 + Level 4.1 Armour
 + Level 2.8 Dodging
 + Level 4.1 Shields
 + Level 17.8 Invocations


You had 9 spell levels left.
You didn't know any spells.
Your spell library contained the following spells:

 Spells                   Type           Power      Damage    Failure   Level
 Apportation              Tloc           0%         N/A       100%        1
 Foxfire                  Conj/Fire      0%         2x1d4     100%        1
 Ensorcelled Hibernation  Hex/Ice        0%         N/A       100%        2
 Conjure Flame            Conj/Fire      0%         6-21      100%        3
 Inner Flame              Hex/Fire       0%         N/A       100%        3
 Spider Form              Tmut/Pois      0%         N/A       100%        3
 Alistair's Intoxication  Tmut/Pois      0%         N/A       100%        5
 Invisibility             Hex            0%         N/A       100%        6
 Shadow Creatures         Summ           N/A        N/A       100%        6


Dungeon Overview and Level Annotations

Branches:
Dungeon (10/15)            Temple (1/1) D:4            Lair (0/6) D:8
 Bailey (1/1)
    Orc: D:9-12

Altars:
Ashenzari
Dithmenos
Elyvilon
Fedhas
Gozag
Hepliaklqana
Makhleb
Nemelex Xobeh
Okawaru
Qazlal
Ru
Uskayaw
Vehumet
Xom
Yredelemnul
Zin
The Shining One

Annotations:
D:3 1 runed translucent door, Crazy Yiuf


Innate Abilities, Weirdness & Mutations

You have sharp fingernails.
Your demonic aura sometimes causes spilled blood to erupt in flames.
You regenerate magic rapidly.
When seriously injured, your bleeding wounds create thick armour. (AC +9)


Message History

The orc sorcerer hits you with a +0 war axe.
Reach: t) +8 lance "Wyrmbane" {slay drac, rPois rF+ rC+ AC+3}
Press: ? - help, Dir - move target, f/p - orc sorcerer
Aim: an orc sorcerer, wielding a +0 war axe and wearing a +0 ring mail (lightly wounded, about 27% to evade the +8 lance "Wyrmbane")
You reach to attack!
You barely miss the orc sorcerer.
The orc sorcerer is lightly wounded.
You block the ufetubus's attack.
The ufetubus hits you but does no damage.
You block the ufetubus's attack.
The ufetubus hits you but does no damage.
The orc warrior hits you but does no damage.
Reach: t) +8 lance "Wyrmbane" {slay drac, rPois rF+ rC+ AC+3}
Press: ? - help, Dir - move target, f/p - orc sorcerer
Aim: an orc sorcerer, wielding a +0 war axe and wearing a +0 ring mail (lightly wounded, about 28% to evade the +8 lance "Wyrmbane")
The sun demon is in the way.
Your shield prevents you from hitting the sun demon.
You block the sun demon's attack. You block the ufetubus's attack.
The ufetubus completely misses you.
The orc warrior hits you with a +0 war axe!
* * * LOW HITPOINT WARNING * * *
The orc sorcerer casts a spell.
The ufetubus hits you but does no damage.
The ufetubus hits you.
* * * LOW HITPOINT WARNING * * *
The ufetubus barely misses you. You block the ufetubus's attack.
The ynoxinul gestures.
The orc warrior is engulfed in blazing flames.
The ufetubus hits you.
* * * LOW HITPOINT WARNING * * *
You block the ufetubus's attack. The ufetubus hits you.
* * * LOW HITPOINT WARNING * * *
The ufetubus hits you but does no damage.
The ufetubus is engulfed in blazing flames.
You kill the ufetubus!
The ufetubus disappears in a puff of smoke!
You block the sun demon's attack.
The hellwing swoops through the air toward you!
The hellwing barely misses you. The hellwing hits you.
You die...

#####'))#####
#......)....#
##≈≈≈≈..)≈≈≈≈#####
≈≈≈≈≈≈...≈≈≈≈≈≈≈≈≈
≈≈≈≈≈≈..5≈≈≈≈≈≈≈≈≈
≈≈≈≈≈≈.°o≈≈≈≈≈≈≈≈≈
≈≈≈≈≈≈.o°≈3≈≈≈≈≈≈≈
≈≈≈....o.○3.≈≈≈≈≈≈
###....55@######
#.....54#
#.......#
#...∩...#
#.......#
###...### #.∩.#
#####


You could see a sun demon (summoned), a hellwing (summoned), a ynoxinul
(summoned), an orc sorcerer, an orc warrior, an orc and 4 ufetubi.

Vanquished Creatures
  A two-headed ogre (D:10)
  Pikel (D:9)
  A kobold demonologist (Bailey)
  A komodo dragon (D:8)
  Grinder (D:5)
  A wyvern (D:7)
  3 yaks
  5 water moccasins
  An acid dragon (D:9)
  2 ice beasts
  5 orc warriors
  4 necrophages
  4 black bears
  A sky beast (D:8)
  An ogre (D:6)
  A centaur (D:4)
  A phantom (D:4)
  A lemure (D:9)
  4 kobold brigands
  2 bullfrogs
  A gnoll sergeant (D:6)
  A wyvern zombie (D:6)
  6 scorpions
  3 killer bees (D:7)
  An electric eel (Bailey)
  6 howler monkeys
  4 centaur zombies
  A bullfrog zombie (D:6)
  8 orc priests
  A hound (D:6)
  A jelly (D:5)
  A gnoll shaman (D:7)
  2 bullfrog skeletons
  4 centaur skeletons
  9 orc wizards
  6 iguanas
  A hound zombie (D:5)
  9 gnolls
  5 adders
  A shadow imp (D:3)
  3 ufetubi
  An adder skeleton (D:4)
  3 worms
  2 dart slugs (D:3)
  42 orcs
  2 bats (D:1)
  8 endoplasms
  3 giant cockroaches
  9 goblins
  5 hobgoblins
  22 kobolds
  6 quokkas
  2 ball pythons
  6 frilled lizards
  A quokka skeleton (D:4)
  5 rats
232 creatures vanquished.

Vanquished Creatures (others)
  44 fungi
  50 plants
94 creatures vanquished.

Grand Total: 326 creatures vanquished

Notes
Turn   | Place    | Note
-------+----------+-------------------------------------------
     0 | D:1      | voltaire321 the Demonspawn Fighter began the quest for the
                  | Orb.
     0 | D:1      | Reached XP level 1. HP: 18/18 MP: 1/1
   703 | D:1      | Gained mutation: You regenerate magic rapidly. [demonic
                  | ancestry]
   703 | D:1      | Reached XP level 2. HP: 20/24 MP: 2/2
  1608 | D:2      | Noticed a necrophage
  1623 | D:2      | Killed a necrophage
  1624 | D:2      | Reached skill level 1 in Dodging
  1624 | D:2      | Gained mutation: When seriously injured, your bleeding
                  | wounds create armour. (AC +9) [demonic ancestry]
  1624 | D:2      | Reached XP level 3. HP: 29/29 MP: 3/3
  1624 | D:2      | Reached XP level 4. HP: 36/36 MP: 4/4
  1671 | D:2      | Found a faded altar of an unknown god.
  1941 | D:3      | Found a broken altar of Ashenzari.
  2120 | D:3      | Found a runed translucent door.
  2121 | D:3      | Noticed Crazy Yiuf
  2276 | D:3      | Found the +8 lance "Wyrmbane" {slay drac, rPois rF+ rC+
                  | AC+3}
  2315 | D:3      | Gained mutation: You have sharp fingernails. [demonic
                  | ancestry]
  2315 | D:3      | Reached XP level 5. HP: 42/42 MP: 5/5
  2854 | D:4      | Noticed a necrophage
  2859 | D:4      | Killed a necrophage
  2860 | D:4      | Gained mutation: When seriously injured, your bleeding
                  | wounds create thick armour. (AC +9) [demonic ancestry]
  2860 | D:4      | Reached XP level 6. HP: 48/48 MP: 6/6
  2891 | D:4      | Found a staircase to the Ecumenical Temple.
  2900 | Temple   | Entered the Ecumenical Temple
  3022 | Temple   | Became a worshipper of Makhleb the Destroyer
  3082 | D:4      | Found a sacrificial altar of Ru.
  3103 | D:4      | Reached skill level 2 in Invocations
  3109 | D:4      | Reached skill level 3 in Invocations
  3260 | D:4      | Reached skill level 4 in Invocations
  3288 | D:4      | Reached skill level 5 in Invocations
  3288 | D:4      | Reached XP level 7. HP: 47/54 MP: 10/10
  3559 | D:4      | Found a shimmering altar of Xom.
  3563 | D:4      | Found an iron altar of Okawaru.
  3563 | D:4      | Found a stormy altar of Qazlal.
  3565 | D:4      | Found a stormy altar of Qazlal.
  3565 | D:4      | Found a hazy altar of Hepliaklqana.
  3565 | D:4      | Found a basalt altar of Yredelemnul.
  3835 | D:5      | Entered Level 5 of the Dungeon
  3840 | D:5      | Reached skill level 6 in Invocations
  3933 | D:5      | Reached skill level 7 in Invocations
  4074 | D:5      | Reached * piety under Makhleb
  4075 | D:5      | Reached skill level 8 in Invocations
  4088 | D:5      | Noticed Grinder
  4088 | D:5      | Paralysed by Grinder for 5 turns
  4286 | D:6      | Reached skill level 9 in Invocations
  4286 | D:6      | Reached XP level 8. HP: 33/60 MP: 14/14
  4602 | D:6      | Reached skill level 10 in Invocations
  4958 | D:5      | Paralysed by Grinder for 5 turns
  4969 | D:5      | Killed Grinder
  4970 | D:5      | Reached skill level 11 in Invocations
  5045 | D:5      | Reached skill level 12 in Invocations
  5405 | D:6      | Reached XP level 9. HP: 62/65 MP: 18/18
  5669 | D:6      | Reached skill level 13 in Invocations
  6588 | D:7      | Reached skill level 14 in Invocations
  6604 | D:7      | Reached ** piety under Makhleb
  6693 | D:7      | Found a stormy altar of Qazlal.
  7294 | D:8      | Noticed a komodo dragon
  7487 | D:8      | Reached skill level 15 in Invocations
  7549 | D:8      | Gained mutation: Your demonic aura sometimes causes spilled
                  | blood to erupt in flames. [demonic ancestry]
  7549 | D:8      | Reached XP level 10. HP: 55/71 MP: 21/21
  7554 | D:8      | Reached skill level 16 in Invocations
  7747 | D:8      | Found a hide-covered altar of Uskayaw.
  7791 | D:8      | Noticed a +0 dagger
  7791 | D:8      | Noticed a +0 hand axe
  7822 | D:8      | Found a staircase to the Lair.
  8265 | D:8      | Identified the -3 tower shield of Jebb {rF+ Will- Regen+
                  | Int+4}
  8325 | D:8      | Reached *** piety under Makhleb
  8688 | D:9      | Noticed Pikel
  8693 | D:9      | Killed Pikel
  8694 | D:9      | Reached skill level 17 in Invocations
  8804 | D:9      | HP: 1/71 [yak (12)]
  8823 | D:10     | Entered Level 10 of the Dungeon
  9202 | D:10     | Found a hazy altar of Hepliaklqana.
  9275 | D:10     | Noticed a two-headed ogre
  9281 | D:10     | Killed a two-headed ogre
  9303 | D:10     | Found a flagged portal.
  9337 | Bailey   | Entered a bailey
  9424 | Bailey   | Reached **** piety under Makhleb
  9439 | Bailey   | Found an iron altar of Okawaru.
  9439 | Bailey   | Noticed an orc sorcerer
  9457 | Bailey   | Noticed a rust devil
  9466 | Bailey   | Noticed a sun demon
  9472 | Bailey   | Slain by a hellwing

Illustrated notes

Levels and vault maps discovered:
D:1:      dpeg_arrival_orchard, layout_basic
D:2:      layout_loops_ring, shapermc_ecumenical_altar_mp_ritualfount,
          supply_closet_lemuel, amcnicky_mini_pool_small,
          chequers_serial_rivers_micro_c
D:3:      minmay_octagon_keep, layout_basic, ashenzari_altar_1,
          uniq_crazy_yiuf_cottage
D:4:      layout_loops_cross, nicolae_ru_sacrificial_ziggurat,
          doesnt_xom_only_xom, minmay_temple_entry_statues_pillars,
          lexackson_kobold_supper
D:5:      layout_rooms, dk_vineyard_2, minmay_misc_feat_encased, st_stairs_11,
          uniq_grinder
D:6:      layout_basic
D:7:      layout_gridville, mainiacjoe_overflow_brackets, old_standard_altar
D:8:      layout_loops_ring, dancing_weapons_uskayaw, zin_statuary,
          due_lair_maze_entry_diamond, minmay_misc_feat_plants, minivault_5
D:9:      layout_big_octagon, nzn_overflow_gifts_of_might_and_magic,
          slow_altar_2, lemuel_mausoleum_altar_kikubaaqudgha,
          nicolae_wu_jian_immortal_techniques, david_orc_4, uniq_harold,
          uniq_pikel
D:10:     layout_roguey, mainiacjoe_overflow_boulevard, enter_bailey_5,
          item_on_display_a
Temple:   nicolae_temple_figure_zero
Bailey:   bailey_axe_of_yendor_kennysheep, bailey

Skill      XL: |  1  2  3  4  5  6  7  8  9 10 |
---------------+-------------------------------+-----
Polearms       | 2 3 |  3.5
Armour         | 3 4 |  4.1
Dodging        | 1 2 |  2.8
Shields        | 3 4 |  4.1
Fighting       | 4 |  4.5
Invocations    | 5 9 12 15 17 | 17.8

Action                   |  1- 3 |  4- 6 |  7- 9 | 10-12 || total
-------------------------+-------+-------+-------+-------++-------
Melee: Trident           |    54 |    34 |       |       ||    88
       Lance             |       |    55 |   334 |   233 ||   622
Throw: Dart              |       |       |    11 |       ||    11
  Use: Scroll            |       |       |     6 |     1 ||     7
       Potion            |       |       |     1 |     3 ||     4
Armor: Scale mail        |    18 |    29 |    95 |       ||   142
       Chain mail        |       |       |   106 |   122 ||   228
Dodge: Dodged            |    11 |    33 |   110 |    39 ||   193
Block: Kite shield       |    22 |    38 |   169 |   127 ||   356
